Map: Ulrena

Players

Nox - Winner!

  • Race: Protoss Protoss
  • League: Silver
  • Spawn Location: 11:00

zidar

  • Race: Zerg Zerg
  • League: Silver
  • Spawn Location: 7:00

VOD

Have the link to the VOD?

Description

Time

  • Played on: Jan. 20, 2016, 2:25 p.m.
  • Length: 13:40
Show
View Real Time Build Order
Export as new Build Order

Nox Protoss - Winner!

Build Orders:  

Get SALT Encoding   

  12  0:01  Probe (Chrono Boost)  
  13  0:11  Probe (Chrono Boost)  
  14  0:19  Pylon  
  14  0:22  Probe (Chrono Boost)  
  15  0:38  Probe (Chrono Boost), Gateway  
  16  0:48  Probe (Chrono Boost)  
  17  0:50  Assimilator  
  17  0:59  Probe (Chrono Boost)  
  18  1:09  Probe (Chrono Boost)  
  19  1:20  Probe (Chrono Boost)  
  20  1:30  Pylon  
  20  1:32  Cybernetics Core  
  21  1:40  Probe (Chrono Boost)  
  21  1:48  Assimilator  
  21  1:50  Probe (Chrono Boost)  
  21  1:53  Forge  
  24  2:05  Pylon  
  24  2:10  Adept  
  26  2:23  Mothership Core (Chrono Boost)  
  26  2:33  Nexus  
  26  2:38  Pylon  
  26  2:44  Probe (Chrono Boost)  
  27  2:54  Stalker  
  27  2:55  Probe (Chrono Boost)  
  27  2:57  Warp Gate  
  30  3:09  Assimilator  
  30  3:11  Assimilator  
  30  3:13  Probe (Chrono Boost)  
  31  3:23  Probe (Chrono Boost)  
  32  3:34  Gateway  
  32  3:37  Gateway  
  32  3:45  Pylon  
  31  3:52  Probe x2 (Chrono Boost)  
  33  4:03  Probe x2 (Chrono Boost)  
  33  4:04  Protoss Ground Weapons Level 1 (Chrono Boost)  
  35  4:13  Pylon  
  35  4:18  Probe x2 (Chrono Boost)  
  37  4:28  Probe x2 (Chrono Boost)  
  37  4:30  Robotics Facility  
  39  4:37  Twilight Council  
  39  4:43  Probe x2 (Chrono Boost)  
  41  4:54  Probe x2 (Chrono Boost)  
  41  4:57  Photon Cannon  
  43  5:06  Probe (Chrono Boost)  
  43  5:07  Probe (Chrono Boost)  
  45  5:17  Probe x2 (Chrono Boost)  
  45  5:18  Observer  
  48  5:36  Immortal  
  48  5:37  Stalker x3  
  58  5:43  Blink  
  58  5:56  Probe x2  
  60  6:08  Probe  
  60  6:10  Warp Prism  
  48  6:29  Pylon  
  48  6:31  Pylon  
  46  6:54  Protoss Ground Weapons Level 2 (Chrono Boost)  
  46  7:00  Dark Shrine  
  46  7:07  Nexus  
  46  7:10  Pylon  
  46  7:13  Pylon  
  46  7:15  Pylon  
  46  7:41  Stalker x2  
  46  7:42  Stalker  
  52  7:51  Immortal  
  56  8:04  Probe  
  57  8:15  Dark Templar x2  
  57  8:16  Probe, Dark Templar  
  51  8:49  Dark Templar x3  
  57  9:07  Probe  
  57  9:08  Probe  
  59  9:17  Probe  
  59  9:20  Probe  
  61  9:32  Probe  
  56  10:14  Dark Templar x3  
  60  10:21  Probe  
  60  10:22  Probe  
  60  10:26  Immortal  
  58  10:31  Probe  
  58  10:34  Probe  
  64  10:42  Probe  
  64  10:47  Probe  
  66  11:00  Immortal  
  66  11:27  Adept  
  66  11:28  Adept x2  
  66  11:32  Probe  
  72  11:33  Probe  
  72  11:34  Immortal  
  78  11:44  Nexus  
  78  11:48  Pylon  
  78  11:49  Pylon  
  78  11:51  Pylon  
  78  12:04  Probe  
  78  12:06  Probe  
  80  12:30  Stalker  
  80  12:31  Stalker x2  
  86  12:42  Assimilator  
  86  12:45  Assimilator  
  86  12:50  Pylon  
  86  12:51  Pylon  
  86  12:52  Pylon x2  
  86  12:59  Probe  
  86  13:01  Probe  
  88  13:10  Probe  
  89  13:13  Probe  
  90  13:20  Probe  
  90  13:25  Probe  
Show
View Real Time Build Order
Export as new Build Order

zidar Zerg 

Build Orders: Pool First 

Get SALT Encoding   

  12  0:03  Drone  
  13  0:12  Overlord  
  13  0:17  Drone  
  14  0:30  Drone x2  
  14  0:35  Drone  
  17  0:47  Spawning Pool  
  16  0:50  Drone  
  17  1:17  Hatchery, Drone  
  17  1:23  Drone x2  
  19  1:42  Queen  
  21  1:47  Extractor, Drone  
  21  1:50  Overlord  
  21  2:09  Drone  
  22  2:30  Overlord x2  
  22  2:35  Queen  
  24  3:00  Drone x8  
  24  3:03  Metabolic Boost  
  31  3:10  Roach Warren  
  30  3:20  Extractor  
  30  3:23  Extractor  
  30  3:26  Drone x2  
  30  3:27  Drone x5  
  35  3:52  Roach  
  35  3:53  Roach x5  
  47  4:08  Hatchery  
  46  4:16  Zergling x2  
  47  4:17  Zergling x10  
  52  4:24  Overlord  
  52  4:25  Overlord  
  52  4:32  Lair  
  52  5:06  Evolution Chamber  
  51  5:09  Evolution Chamber  
  51  5:11  Ravager x2  
  51  5:12  Ravager  
  53  5:17  Roach x2  
  53  5:18  Zergling x2  
  53  5:19  Zergling x20  
  68  5:27  Queen  
  70  5:30  Overlord  
  70  5:44  Zerg Ground Armor Level 1  
  70  5:45  Zerg Melee Weapons Level 1  
  70  5:51  Infestation Pit  
  64  6:25  Zergling x2  
  64  6:26  Zergling x24  
  63  6:56  Roach  
  63  6:57  Roach x6  
  77  7:16  Drone  
  77  7:18  Drone  
  79  7:30  Ravager  
  79  7:31  Ravager  
  81  7:42  Extractor  
  80  7:45  Hive  
  80  7:46  Zerg Ground Armor Level 2, Zerg Melee Weapons Level 2  
  80  7:55  Hydralisk Den, Drone x2  
  81  8:00  Overlord  
  81  8:02  Overlord  
  57  8:42  Ravager  
  37  8:53  Roach  
  37  8:54  Roach x7, Hydralisk x3  
  37  8:55  Hydralisk  
  59  9:07  Drone x4  
  59  9:09  Drone  
  64  9:11  Drone  
  64  9:15  Drone  
  66  9:25  Overseer  
  27  9:49  Roach  
  27  9:50  Roach x8  
  33  10:29  Drone x12  
  45  10:44  Drone x2  
  45  10:45  Drone x2  
  49  10:57  Spawning Pool  
  49  11:03  Ultralisk Cavern  
  40  11:19  Drone x7  
  47  11:30  Drone x3  
  50  11:51  Queen  
  50  11:53  Extractor  
  51  11:54  Extractor  
  51  11:57  Queen  
  51  11:59  Queen  
  45  12:29  Drone x5  
  50  12:55  Drone x2  
Tags
 
Matchup
PvZ
Opening
Pool First
Spawn Locations
Close Positions
Add a new tag
Caveats
  • Supply blocks, unpowered buildings, or Contaminate may cause inaccurate times.
  • Supply counts are checked every 10 seconds.